Map: Oxide LE

Players

PartinG - Winner!

  • Race: Protoss Protoss
  • League: Master

Astrea

  • Race: Protoss Protoss
  • League: Master

Event: ASUS ROG Fall 2021

VOD

Have the link to the VOD?

Description

Time

  • Played on: Sept. 18, 2021, 1:25 p.m.
  • Length: 4:57
Show
View Real Time Build Order
Export as new Build Order

PartinG Protoss - Winner!

Build Orders: Proxy Void Ray 

Get SALT Encoding   

  12  0:00  Probe  
  13  0:12  Probe  
  14  0:17  Pylon  
  14  0:24  Probe (Chrono Boost)  
  15  0:36  Probe (Chrono Boost)  
  15  0:37  Gateway  
  16  0:45  Probe (Chrono Boost)  
  16  0:46  Assimilator  
  17  0:51  Probe  
  17  0:55  Assimilator  
  18  1:03  Probe (Chrono Boost)  
  19  1:05  Pylon  
  19  1:13  Probe (Chrono Boost)  
  19  1:18  Probe (Chrono Boost)  
  20  1:24  Cybernetics Core  
  21  1:26  Zealot  
  21  1:30  Probe  
  24  1:42  Pylon, Probe  
  27  2:00  Stargate  
  25  2:01  Stalker  
  25  2:04  Shield Battery  
  27  2:10  Warp Gate  
  27  2:31  Stalker  
  27  2:32  Pylon  
  29  2:40  Void Ray (Chrono Boost)  
  29  2:46  Gateway  
  33  2:52  Shield Battery  
  33  2:58  Shield Battery  
  33  3:08  Void Ray (Chrono Boost)  
  33  3:10  Pylon  
  37  3:38  Void Ray  
  37  3:43  Shield Battery  
  41  3:50  Shield Battery  
  41  3:58  Stalker  
  41  4:01  Stalker  
  43  4:07  Shield Battery  
  43  4:15  Shield Battery  
  43  4:23  Stalker  
  45  4:33  Stalker  
  47  4:52  Stalker  
Show
View Real Time Build Order
Export as new Build Order

Astrea Protoss 

Build Orders: 1 Gate Expand 

Get SALT Encoding   

  12  0:00  Probe  
  13  0:12  Probe  
  14  0:18  Pylon  
  14  0:24  Probe (Chrono Boost)  
  15  0:36  Probe (Chrono Boost)  
  15  0:38  Gateway  
  16  0:44  Probe (Chrono Boost)  
  16  0:46  Assimilator  
  17  0:50  Probe  
  18  1:03  Probe  
  19  1:15  Probe  
  20  1:23  Nexus  
  20  1:32  Cybernetics Core  
  20  1:35  Probe  
  21  1:41  Assimilator  
  21  1:47  Probe  
  21  1:50  Pylon  
  22  1:56  Warp Gate (Chrono Boost)  
  22  1:59  Probe  
  23  2:08  Stalker (Chrono Boost)  
  23  2:12  Probe  
  26  2:19  Gateway  
  26  2:26  Probe  
  26  2:29  Stalker (Chrono Boost)  
  28  2:37  Probe  
  28  2:38  Probe  
  30  2:46  Gateway  
  30  2:49  Probe  
  31  2:52  Probe  
  32  2:59  Stalker  
  32  3:04  Shield Battery  
  34  3:10  Shield Battery  
  34  3:19  Pylon  
  34  3:26  Pylon  
  34  3:30  Pylon  
  34  3:33  Pylon  
  34  3:42  Stalker  
  34  3:47  Shield Battery  
  36  3:49  Pylon  
  36  3:51  Stalker  
  38  4:08  Gateway, Stalker  
  40  4:12  Stalker  
  42  4:31  Stalker  
  42  4:37  Gateway  
Tags
 
Add a new tag
Caveats
  • Supply blocks, unpowered buildings, or Contaminate may cause inaccurate times.
  • Supply counts are checked every 10 seconds.